 Dungeon Crawl Stone Soup version 0.29-a0-982-gaed3a0c8d8 (webtiles) character file.

Game seed: 989960587950264520

28 flotson the Sneak (level 2, -2/24 HPs)
             Began as a Demonspawn Delver on Aug 1, 2022.
             Was an Initiate of Gozag.
             Slain by a river rat (6 damage)
             ... on level 3 of the Dungeon.
             The game lasted 00:01:58 (806 turns).

flotson the Sneak (Demonspawn Delver)                Turns: 806, Time: 00:01:58

Health: -2/24      AC:  6    Str: 12    XL:     2   Next: 96%
Magic:  2/2        EV: 12    Int: 11    God:    Gozag
Gold:   54         SH:  4    Dex: 14    Spells: 1/1 levels left

rFire   . . .      SeeInvis .   a - +0 spear
rCold   . . .      Faith    .   (no shield)
rNeg    . . .      Spirit   .   i - +3 leather armour
rPois   .          Reflect  .   (no helmet)
rElec   .          Harm     .   (no cloak)
rCorr   .          Rampage  .   (no gloves)
Will    .....                   (no boots)
Stlth   ++........              (no amulet)
HPRegen 0.08/turn               (no ring)
MPRegen 0.08/turn               (no ring)

@: gold aura
A: large bone plates 1
a: Renounce Religion, Potion Petition, Call Merchant, Bribe Branch


You were on level 3 of the Dungeon.
You worshipped Gozag.
Gozag was noncommittal.
You visited 2 branches of the dungeon, and saw 4 of its levels.

You collected 81 gold pieces.
You paid 27 gold pieces to Gozag.

Inventory:

Hand Weapons
 a - a +0 spear (weapon)
Missiles
 j - 3 poisoned darts (quivered)
Armour
 i - a +3 leather armour (worn)
Wands
 g - a wand of digging (3)
Scrolls
 b - a scroll of immolation {unknown}
 c - a scroll of fog
 d - a scroll of poison {unknown}
 e - a scroll of fear
 h - a scroll of teleportation {unknown}
Potions
 f - a potion of cancellation {unknown}
 k - a potion of lignification {unknown}


   Skills:
 + Level 3.3 Fighting
 - Level 1.7 Polearms
 + Level 0.3 Throwing
 + Level 1.0 Armour
 + Level 2.1 Dodging
 - Level 4.5 Stealth
 + Level 1.0 Evocations


You had one spell level left.
You didn't know any spells.
Your spell library was empty.

Dungeon Overview and Level Annotations

Branches:
Dungeon (5/15)             Temple (1/1) D:5

Altars:
Ashenzari
Dithmenos
Fedhas
Gozag
Kikubaaqudgha
Ru
Sif Muna
Trog
Uskayaw
Vehumet

Portals:
Sewer: D:3

Annotations:
D:5 3 runed translucent doors, freelancePsychic's ghost, novice DEHW


Innate Abilities, Weirdness & Mutations

You are partially covered in large bone plates. (SH +4)


Message History

You hear a splash.
Throw: 4 darts (poison)
Press: ? - help, Q - select action, (/) - cycle Shift-Dir - straight line, f/p - worm
Aim: a worm (moderately wounded, poisoned, 78% to hit)
You throw a poisoned dart. The poisoned dart hits the worm.
The worm looks even sicker.
The worm is moderately wounded.
You reach to attack!
You hit the worm but do no damage.
The worm is moderately wounded.
You reach to attack!
You hit the worm.
The worm is heavily wounded.
You hit the worm.
The worm is heavily wounded.
The worm bites you.
You hit the worm.
The worm is severely wounded.
You hit the worm.
The worm is almost dead.
The worm misses you.
You barely miss the worm.
The worm is severely wounded.
You hit the worm.
You kill the worm!
Your Armour skill increases to level 1!
You closely miss the river rat. The river rat bites you.
You hit the river rat.
The river rat is lightly wounded.
The river rat bites you.
You are too injured to fight recklessly!
You are too injured to fight recklessly!
You are too injured to fight recklessly!
You closely miss the river rat.
The river rat is lightly wounded.
The river rat bites you!
* * * LOW HITPOINT WARNING * * *
You barely miss the river rat.
The river rat is lightly wounded.
The river rat bites you.
You die...
Your body crumbles into a pile of gold.

*,,..≈≈.≈..r≈≈.#,,*****
*,,,,,,
,,*......∩..≈≈..,.#**
*****,*
***#.≈≈.....≈≈.#*.#,**
*,* #.≈≈.....≈≈.#*.#,,*
*,* *
#.*#≈≈≈(≈#*≈#*.#,,* *,*
* #.##≈≈≈≈(##.#*.#,,*
*,* *
#....[...?!.#*.#,** *,*
* ##.....#...###.#**
*,, ######........$r@.#
*** ).......###...#####
#######.# ##### * #.# *
#.# * #.# *####*#.#
##...##.######
.............#


You could see a river rat.

Vanquished Creatures
  An adder (D:4)
  A white imp (D:5)
  An ufetubus (D:5)
  A worm (D:3)
  A quokka (D:5)
  A ball python (D:3)
  A kobold (D:3)
7 creatures vanquished.

Notes
Turn   | Place    | Note
-------+----------+-------------------------------------------
     0 | D:5      | flotson the Demonspawn Delver began the quest for the Orb.
     0 | D:5      | Reached XP level 1. HP: 18/18 MP: 1/1
    53 | D:5      | Gained mutation: You are partially covered in large bone
                  | plates. (SH +4) [demonic ancestry]
    53 | D:5      | Reached XP level 2. HP: 5/24 MP: 2/2
   313 | D:5      | Found a hide-covered altar of Uskayaw.
   363 | D:5      | Found a staircase to the Ecumenical Temple.
   371 | Temple   | Entered the Ecumenical Temple
   547 | Temple   | Became a worshipper of Gozag Ym Sagoz the Greedy
   676 | D:5      | Found a runed translucent gate.
   678 | D:5      | Found a runed translucent gate.
   679 | D:5      | Found a runed translucent gate.
   679 | D:5      | Noticed freelancePsychic's ghost (novice DEHW)
   684 | D:5      | Noticed a vampire
   732 | D:4      | Reached skill level 1 in Evocations
   776 | D:3      | Found a glowing drain.
   803 | D:3      | Reached skill level 1 in Armour
   806 | D:3      | Slain by a river rat

Illustrated notes

Levels and vault maps discovered:
D:3:      layout_loops_corners, cheibrodos_sewer_entry_sluice, serial_aquarium,
          aquarium_bridge_long_joined [aquarium_subvault_window,
          aquarium_subvault_bridge, aquarium_subvault_bridge,
          aquarium_subvault_bridge, aquarium_subvault_wall,
          aquarium_subvault_bridge], aquarium_window_1, aquarium_window_corner,
          aquarium_window_1, aquarium_window_fake, aquarium_view_2c,
          aquarium_pool_2
D:4:      layout_loops_cross, lemuel_zombie_altar_yredelemnul,
          minmay_overflow_temple_star_quad
D:5:      layout_basic, mainiacjoe_overflow_chevrons, minmay_temple_entry_ruins,
          gammafunk_ghost_split, st_stairs_2
Temple:   hellmonk_temple_forest_ring

Skill      XL: |  1  2 |
---------------+-------+-----
Dodging        | 2 |  2.1
Evocations     | 1 |  1.0
Armour         | 1 |  1.0
Fighting       | |  3.3
Polearms       | |  1.7
Throwing       | |  0.3
Stealth        | |  4.5

Action                   || total
-------------------------++-------
Melee: Spear             ||    51
Throw: Dart              ||     3
  Use: Potion            ||     1
       Scroll            ||     1
 Stab: Sleeping          ||     2
Armor: Leather armour    ||    12
Dodge: Dodged            ||    30
Block: Other             ||     2

Table legend: (Time is in decaauts)
 A = Elapsed time spent in this place.
 B = Non-inter-level travel time spent in this place.
 C = Inter-level travel time spent in this place.
 D = Time resting spent in this place.
 E = Time spent auto-exploring this place.
 F = Levels seen in this place.
 G = Mean time per level.
                   A        B        C        D        E       F      G
               +--------+--------+--------+--------+--------+-----+--------+
         Total |    794 |    769 |     25 |    239 |    319 |   4 |  198.5 |
       Dungeon |    613 |    610 |      3 |    239 |    199 |   3 |  204.3 |
        Temple |    181 |    159 |     22 |      0 |    120 |   1 |  181.0 |
               +--------+--------+--------+--------+--------+-----+--------+

Top non-repeatable levels by time:
     D:5: 527 daAuts
  Temple: 181 daAuts
     D:3: 64 daAuts
     D:4: 20 daAuts
